 Dungeon Crawl Stone Soup version 0.31-a0-986-g5e6e4ef867 (webtiles) character file.

Game seed: 13744738487606273890

9725 Xavori the Nimble (level 11, 0/80 HPs)
             Began as a Djinni Chaos Knight on Nov 11, 2023.
             Was a Plaything of Xom.
             Killed by divine providence
             ... invoked by a smoke demon
             ... summoned by Xom
              (17 damage)
             ... on level 10 of the Dungeon.
             The game lasted 00:20:36 (19922 turns).

Xavori the Nimble (Djinni Chaos Knight)            Turns: 19922, Time: 00:20:37

Health: 0/80       AC: 11    Str:  9      XL:     11   Next: 79%
Gold:   98         EV: 17    Int: 11 (12) God:    Xom [......] SH:  0 Dex: 22 (25)

rFire   + + .        z - +3 scimitar
rCold   x . .        (no shield)
rNeg    . . .        b - +2 leather armour
rPois   ∞            (no helmet)
rElec   .            (no cloak)
rCorr   .            (no gloves)
SInv    .            (boots unavailable)
Will    +....        (no amulet)
Stlth   ++           A - ring of wizardry
HPRegen 0.33/turn    q - +4 ring of protection
MPRegen 0.00/turn

%: wizardry (x1), infuse magic (-1 HP)
@: flying
A: sickness immunity, fire resistance 2, cold vulnerability 1, float, innate
caster, HP casting, extra vitality 1, iridescent scales 1, agile 2,
deterioration 1, mutation resistance 2
a: Renounce Religion


You were on level 10 of the Dungeon.
You worshipped Xom.
You were a very special plaything of Xom.
You visited 1 branch of the dungeon, and saw 10 of its levels.
You also visited: Ossuary and Bailey.

You collected 588 gold pieces.
You spent 490 gold pieces at shops.

Inventory:

Hand Weapons
 z - a +3 scimitar (weapon)
 D - a +4 long sword
Missiles
 e - 3 throwing nets
Armour
 b - a +2 leather armour (worn)
 m - a +5 scale mail
Jewellery
 q - a +4 ring of protection (right hand)
 A - a ring of wizardry (left hand)
 C - a ring of protection from fire
Wands
 a - a wand of mindburst (2)
 t - a wand of paralysis (8)
Scrolls
 c - a scroll of butterflies
 h - 3 scrolls of immolation
 i - a scroll of fog
 j - 2 scrolls of enchant weapon
 k - 2 scrolls of revelation
 n - 2 scrolls of vulnerability
 p - 3 scrolls of summoning
 v - 3 scrolls of enchant armour
 y - 4 scrolls of teleportation
 B - a scroll of fear
Potions
 d - a potion of mutation
 f - 2 potions of curing
 g - a potion of enlightenment
 l - 7 potions of heal wounds
 o - a potion of haste {unknown}
 r - a potion of ambrosia {unknown}
 s - 3 potions of might
 u - 2 potions of lignification
 w - a potion of magic {unknown}
 x - a potion of invisibility {unknown}


   Skills:
 + Level 7.7 Fighting
 + Level 7.0 Long Blades
 + Level 7.1 Armour
 + Level 8.0 Dodging
 * Level 6.6 Spellcasting
 * Level 6.6 Conjurations
 * Level 6.6 Hexes
 * Level 6.6 Summonings
 * Level 6.6 Necromancy
 * Level 6.6 Translocations
 * Level 6.6 Transmutations
 * Level 6.6 Fire Magic
 * Level 6.6 Ice Magic
 * Level 6.6 Air Magic
 * Level 6.6 Earth Magic
 * Level 6.6 Poison Magic
 - Level 5.9 Evocations


You knew the following spells:

 Your Spells              Type           Power      Damage    Failure   Level
a - Shock                 Conj/Air       72%        1d7       1%          1
b - Static Discharge      Conj/Air       36%        3-5/arc   1%          2
c - Stone Arrow           Conj/Erth      36%        3d9       1%          3
d - Vampiric Draining     Necr           18%        2d7       1%          3
e - Freezing Cloud        Conj/Ice/Air   9%         6-21      16%         5
Your spell library was empty.

Dungeon Overview and Level Annotations

Branches:
Dungeon (10/15)            Temple (0/1) D:7         Ossuary (visited)
 Bailey (visited)
   Lair: D:8-11         Orc: D:9-12

Altars:
Hepliaklqana
Nemelex Xobeh

Shops:
D:2 :[   D:9 (   D:10 :?[

Portals:
Abyss: D:9

Annotations:
D:9 2 transporters, RandomusNamus's ghost, novice FoFi


Innate Abilities, Weirdness & Mutations

You are immune to sickness and miasma.
You are immune to poison.
Your flesh is very heat resistant. (rF++)
You are vulnerable to cold. (rC-)
You float through the air rather than walking.
You learn spells naturally, not from books.
Your magical power is your life essence.
You have superior vitality. (+4 MHP)
You are partially covered in iridescent scales. (AC +2)
You are very agile. (Dex +8, Str/Int -2)
Your body sometimes deteriorates upon taking damage.
You are somewhat resistant to both further mutation and mutation removal.


Message History

The two-headed ogre hits you with a +0 giant spiked club!
Your body deteriorates!
You feel dopey.
Casting: Freezing Cloud (dangerous; 16% risk of failure)
Confirm with . or Enter, or press ? or * to list all spells.
Aiming: Freezing Cloud (dangerous; 16% risk of failure)
Press: ? - help, Dir - move target The two-headed ogre is engulfed in freezing vapours.
The two-headed ogre hits you with a +0 giant club!
Your body deteriorates!
You feel clumsy. The two-headed ogre closely misses you.
You barely miss the two-headed ogre.
The two-headed ogre is lightly wounded. "Fight to survive, mortal."
You completely miss the two-headed ogre.
The two-headed ogre is lightly wounded.
The two-headed ogre is engulfed in freezing vapours.
The two-headed ogre closely misses you. The two-headed ogre misses you.
The smoke demon gestures at you. Xom smites you!
You hit the two-headed ogre but do no damage.
The two-headed ogre is moderately wounded.
The two-headed ogre is engulfed in freezing vapours.
The two-headed ogre closely misses you. The two-headed ogre misses you.
The crimson imp hits you but does no damage.
You hit the two-headed ogre.
The two-headed ogre is moderately wounded.
The crimson imp barely misses you. The smoke demon hits you.
The smoke demon hits you but does no damage.
The smoke demon misses you.
You slash the two-headed ogre!
The two-headed ogre is severely wounded.
The two-headed ogre hits you with a +0 giant club!!
* * * LOW HITPOINT WARNING * * *
The two-headed ogre misses you. The smoke demon barely misses you.
The smoke demon completely misses you. The smoke demon closely misses you.
The crimson imp barely misses you. The smoke demon gestures at you.
Xom smites you!
You die...
Xom giggles madly!

############ #########
...........# #.....#..
...).......# #.....#..
...........+ #.....#..
....°○.°5..# #.....#..
...°...O3..# #.....#..
....°°.#@.###+######'##..
.....°.#..#....#.........
...☼○°°#..+....#.........
.....☼.#..#....#......#..
####+###'##...##'######..
#..>........#...#..
#..........∩#...#..
#.......<...#...#..
#...........#...#..


You could see a two-headed ogre, a smoke demon (summoned) and a crimson imp
(summoned).

Vanquished Creatures
  A two-headed ogre (D:9)
  An orc knight (Bailey)
  A gargoyle (D:10)
  A cane toad (shapeshifter) (D:9)
  2 hornets
  2 wraiths (Ossuary)
  A wyvern (D:9)
  10 yaks
  Menkaure (D:6)
  A steam dragon (D:9)
  2 water moccasins
  A sky beast (D:8)
  Duvessa (D:7)
  11 orc warriors
  5 ice beasts
  A black bear (D:6)
  An ogre (D:6)
  3 kobold brigands
  A gnoll sergeant (D:8)
  6 bullfrogs
  5 scorpions
  9 wights
  Dowan (D:7)
  5 killer bees (D:10)
  2 electric eels (D:8)
  6 howler monkeys
  4 hounds
  2 jellies
  9 orc priests
  Jessica (D:3)
  4 iguanas
  13 orc wizards
  Natasha (D:3)
  13 gnolls
  8 adders
  3 shadow imps (D:6)
  A white imp (D:5)
  An adder zombie (Ossuary)
  A worm (D:2)
  2 dart slugs
  47 orcs
  5 endoplasms
  3 giant cockroaches
  10 goblins
  9 hobgoblins
  3 jackals (D:1)
  3 quokkas
  5 ball pythons
  2 ball python skeletons (Ossuary)
  3 bats (D:1)
  5 frilled lizards
  3 hobgoblin zombies (Ossuary)
  17 kobolds
  3 orc skeletons (Ossuary)
  An orc zombie (Ossuary)
  6 rats
269 creatures vanquished.

Vanquished Creatures (collateral kills)
  An orc warrior (Bailey)
  A centaur (D:5)
  2 scorpions (D:5)
  2 iguanas (D:5)
  An orc (D:5)
7 creatures vanquished.

Vanquished Creatures (others)
  An ice beast (D:6)
  An orc wizard (D:5)
  An orc zombie (D:5)
3 creatures vanquished.

Grand Total: 279 creatures vanquished

Notes
Turn   | Place    | Note
-------+----------+-------------------------------------------
     0 | D:1      | Xavori the Djinni Chaos Knight began the quest for the Orb.
     0 | D:1      | Reached XP level 1. HP: 20/20 MP: 0/0
    50 | D:1      | XOM: silly message
   213 | D:1      | XOM: potion effect (brilliance)
   257 | D:1      | Reached XP level 2. HP: 25/25 MP: 0/0
   289 | D:1      | XOM: silly message
   306 | D:1      | XOM: silly message
   662 | D:1      | XOM: divination: detect items
   750 | D:1      | Reached XP level 3. HP: 30/30 MP: 0/0
   750 | D:1      | Learned a level 1 spell: Shock
   785 | D:1      | XOM: smoke on damage
  1282 | D:1      | XOM: divination: detect creatures
  3452 | D:1      | XOM: silly message
  3794 | D:1      | XOM: silly message
  4446 | D:1      | XOM: give mutation
  4446 | D:1      | Gained mutation: You are agile. (Dex +4, Str/Int -1) [Xom's
                  | grace]
  4555 | D:1      | XOM: summons 2 hostile demons
  4864 | D:1      | XOM is BORED!
  4864 | D:1      | XOM: noise
  5922 | D:1      | XOM: scenery: 1 doors close
  6088 | D:1      | XOM: give mutation
  6088 | D:1      | Gained mutation: You are partially covered in iridescent
                  | scales. (AC +2) [Xom's mischief]
  6274 | D:2      | XOM is BORED!
  6274 | D:2      | XOM: 2-stop teleportation journey
  6321 | D:2      | Found a faded altar of an unknown god.
  6413 | D:2      | Found a sparkling altar of Nemelex Xobeh.
  6427 | D:2      | XOM: draining
  6473 | D:2      | Found Ywkof's Armour Shop.
  6518 | D:2      | Reached skill level 1 in Spellcasting
  6518 | D:2      | Reached skill level 1 in Conjurations
  6518 | D:2      | Reached skill level 1 in Hexes
  6518 | D:2      | Reached skill level 1 in Summonings
  6518 | D:2      | Reached skill level 1 in Necromancy
  6518 | D:2      | Reached skill level 1 in Translocations
  6518 | D:2      | Reached skill level 1 in Transmutations
  6518 | D:2      | Reached skill level 1 in Fire Magic
  6518 | D:2      | Reached skill level 1 in Ice Magic
  6518 | D:2      | Reached skill level 1 in Air Magic
  6518 | D:2      | Reached skill level 1 in Earth Magic
  6518 | D:2      | Reached skill level 1 in Poison Magic
  6524 | D:2      | Reached XP level 4. HP: 26/33 MP: 0/0
  6818 | D:2      | Found Vumasiga's Book Shop.
  6938 | D:3      | XOM: smoke on damage
  6939 | D:3      | XOM: smoke on damage
  7022 | D:3      | XOM: fog
  7078 | D:3      | Noticed Natasha
  7089 | D:3      | Killed Natasha
  7090 | D:3      | Reached skill level 3 in Dodging
  7090 | D:3      | Reached XP level 5. HP: 19/40 MP: 0/0
  7090 | D:3      | Learned a level 2 spell: Static Discharge
  7138 | D:3      | XOM: god gift: longbow {god gift}
  7162 | D:3      | Noticed Jessica
  7179 | D:3      | Killed Jessica
  7180 | D:3      | Reached XP level 6. HP: 14/47 MP: 0/0
  7476 | D:3      | XOM: give mutations
  7476 | D:3      | Gained mutation: You sometimes lose your temper in combat.
                  | [Xom's mischief]
  7476 | D:3      | Gained mutation: You are resistant to electric shocks.
                  | (rElec) [Xom's mischief]
  7776 | D:4      | Identified the +12 sling of Punishment {drain, rPois rC+
                  | Str+2 Dex+2}
  7776 | D:4      | XOM: potion effect (attraction)
  7780 | D:4      | XOM: confuse monster(s)
  7834 | D:4      | XOM: scenery: summon butterflies
  7868 | D:4      | XOM: 7-stop teleportation journey
  8123 | D:4      | XOM: god gift: runed scale mail {god gift}
  8514 | D:5      | Entered Level 5 of the Dungeon
  8524 | D:5      | Reached XP level 7. HP: 52/52 MP: 0/0
  8524 | D:5      | Learned a level 3 spell: Stone Arrow
  8752 | D:5      | XOM: god gift: 23 gold pieces
  8753 | D:5      | XOM: polymorph jelly -> iguana
  8754 | D:5      | XOM: smoke on damage
  8756 | D:5      | XOM: summons 3 friendly demons
  8758 | D:5      | Reached skill level 4 in Dodging
  8762 | D:5      | Reached skill level 1 in Evocations
  8776 | D:5      | Reached XP level 8. HP: 14/58 MP: 0/0
  8825 | D:5      | Found a sand-covered staircase.
  8861 | Ossuary  | Entered an ossuary
  9138 | Ossuary  | Noticed a flying skull
  9138 | Ossuary  | Noticed a wraith
  9151 | Ossuary  | Noticed a flying skull
  9160 | Ossuary  | Noticed a flying skull
  9182 | Ossuary  | Noticed a wraith
  9182 | Ossuary  | XOM: enchant monster (good)
  9199 | Ossuary  | XOM: god gift: scroll labelled FOIBEITRON {god gift}
  9203 | Ossuary  | Killed a wraith
  9394 | Ossuary  | Noticed a flying skull
  9400 | Ossuary  | Noticed a wraith
  9410 | Ossuary  | Lost mutation: You are partially covered in iridescent
                  | scales. (AC +2) [potion of mutation]
  9410 | Ossuary  | Lost mutation: You are agile. (Dex +4, Str/Int -1) [potion
                  | of mutation]
  9410 | Ossuary  | Lost mutation: You are resistant to electric shocks.
                  | (rElec) [potion of mutation]
  9410 | Ossuary  | Gained mutation: You are very vulnerable to cold. (rC--)
                  | [potion of mutation]
  9410 | Ossuary  | Gained mutation: You are partially covered in iridescent
                  | scales. (AC +2) [potion of mutation]
  9410 | Ossuary  | Gained mutation: Armour fits poorly on your strangely
                  | shaped body. [potion of mutation]
  9410 | Ossuary  | XOM: enchant monster (good)
  9415 | Ossuary  | XOM: summons friendly quasit
  9419 | Ossuary  | XOM: enchant monster (bad)
  9423 | Ossuary  | XOM: fog
  9437 | Ossuary  | Killed a wraith
  9438 | Ossuary  | Reached skill level 5 in Fighting
  9744 | D:5      | XOM: cloud trail
  9774 | D:5      | XOM: god gift: scroll of fear
  9797 | D:5      | Lost mutation: You are very vulnerable to cold. (rC--)
                  | [potion of mutation]
  9797 | D:5      | Lost mutation: Armour fits poorly on your strangely shaped
                  | body. [potion of mutation]
  9797 | D:5      | Gained mutation: You are somewhat resistant to further
                  | mutation. [potion of mutation]
  9855 | D:5      | Reached skill level 5 in Dodging
 10004 | D:5      | Reached XP level 9. HP: 65/65 MP: 0/0
 10004 | D:5      | Learned a level 3 spell: Vampiric Draining
 10527 | D:6      | XOM: smoke on damage
 10691 | D:6      | Reached skill level 5 in Long Blades
 10725 | D:6      | Noticed Menkaure
 10730 | D:6      | XOM: blink monster(s)
 10739 | D:6      | Killed Menkaure
 10888 | D:6      | XOM: 1-stop teleportation journey
 11025 | D:6      | XOM: divination: magic mapping
 11070 | D:6      | XOM: 6-stop teleportation journey
 11129 | D:6      | XOM: draining
 11273 | D:6      | XOM: stat loss: -1 Dex (16/17)
 11799 | D:6      | XOM: summons 2 hostile demons
 11800 | D:6      | Noticed a hellwing
 12045 | D:7      | Reached skill level 5 in Armour
 12248 | D:7      | XOM: cloud trail
 12387 | D:7      | XOM: 2-stop teleportation journey
 12390 | D:7      | XOM: potion effect (haste)
 12396 | D:7      | Reached skill level 6 in Dodging
 12401 | D:7      | Reached XP level 10. HP: 56/72 MP: 0/0
 12481 | D:7      | Found a staircase to the Ecumenical Temple.
 12752 | D:7      | XOM: 3-stop teleportation journey
 12909 | D:7      | Noticed Duvessa
 12909 | D:7      | Noticed Dowan
 12916 | D:7      | Killed Duvessa
 12924 | D:7      | XOM: smoke on damage
 12928 | D:7      | Killed Dowan
 13363 | D:7      | Reached skill level 5 in Spellcasting
 13363 | D:7      | Reached skill level 5 in Conjurations
 13363 | D:7      | Reached skill level 5 in Hexes
 13363 | D:7      | Reached skill level 5 in Summonings
 13363 | D:7      | Reached skill level 5 in Necromancy
 13363 | D:7      | Reached skill level 5 in Translocations
 13363 | D:7      | Reached skill level 5 in Transmutations
 13363 | D:7      | Reached skill level 5 in Fire Magic
 13363 | D:7      | Reached skill level 5 in Ice Magic
 13363 | D:7      | Reached skill level 5 in Air Magic
 13363 | D:7      | Reached skill level 5 in Earth Magic
 13363 | D:7      | Reached skill level 5 in Poison Magic
 13760 | D:7      | XOM: summons 6 hostile demons
 13780 | D:8      | XOM: enchant monster (bad)
 13927 | D:8      | Found a flagged portal.
 13940 | Bailey   | Entered a bailey
 14487 | Bailey   | XOM: cast spell 'Summon Ice Beast'
 14637 | Bailey   | XOM: 1-stop teleportation journey
 14672 | Bailey   | XOM: divination: magic mapping
 14814 | Bailey   | XOM: god gift: 3 stones
 14962 | Bailey   | Noticed an orc knight
 14998 | Bailey   | Killed an orc knight
 14999 | Bailey   | Reached skill level 5 in Evocations
 15776 | D:8      | Reached skill level 7 in Dodging
 15780 | D:8      | XOM: enchant monster (bad)
 15789 | D:8      | XOM: summons 1 hostile demon
 15802 | D:8      | HP: 4/109 [quasit[Xom] (3)]
 15807 | D:8      | HP: 1/73 [quasit[Xom] (3)]
 15815 | D:8      | XOM: silly message
 16071 | D:8      | Reached XP level 11. HP: 73/78 MP: 0/0
 16071 | D:8      | Learned a level 5 spell: Freezing Cloud
 16778 | D:8      | XOM: noise
 17104 | D:7      | XOM: divination: detect items
 17197 | D:9      | Found Osukia Dunu's Antique Weapon Shoppe.
 17207 | D:9      | Bought a glowing scimitar for 210 gold pieces
 17315 | D:9      | XOM: divination: detect creatures
 17392 | D:9      | Identified the "Gythroz" (Xom gifted it to you on level 9
                  | of the Dungeon)
 17392 | D:9      | XOM: god gift: Xom's Compendium of the Geometric Snowflakes
 17668 | D:9      | Found a hazy altar of Hepliaklqana.
 17702 | D:9      | Noticed a toenail golem
 17867 | D:9      | Found a one-way gate to the infinite horrors of the Abyss.
 17867 | D:9      | Noticed RandomusNamus's ghost (novice FoFi)
 17867 | D:9      | XOM: give mutations
 17867 | D:9      | Gained mutation: You are somewhat resistant to both further
                  | mutation and mutation removal. [Xom's grace]
 17867 | D:9      | Gained mutation: You are agile. (Dex +4, Str/Int -1) [Xom's
                  | grace]
 17870 | D:9      | Found a transporter.
 17893 | D:9      | Found a transporter.
 17898 | D:9      | XOM: 3-stop teleportation journey
 18108 | D:9      | Noticed a two-headed ogre
 18113 | D:9      | Killed a two-headed ogre
 18120 | D:9      | XOM: polymorph acid dragon -> shapeshifter
 18120 | D:9      | a shapeshifter changed into an entropy weaver
 18120 | D:9      | Noticed an entropy weaver (shapeshifter)
 18123 | D:9      | an entropy weaver changed into a cane toad
 18149 | D:9      | XOM: give mutations
 18149 | D:9      | Gained mutation: You are very agile. (Dex +8, Str/Int -2)
                  | [Xom's mischief]
 18149 | D:9      | Gained mutation: Your body sometimes deteriorates upon
                  | taking damage. [Xom's mischief]
 18149 | D:9      | Lost mutation: You sometimes lose your temper in combat.
                  | [Xom's mischief]
 18374 | D:9      | XOM: silly message
 18539 | D:9      | XOM: noise
 18643 | D:10     | Entered Level 10 of the Dungeon
 18643 | D:10     | Found Etaclo's Magic Scroll Shop.
 18647 | D:10     | Bought a scroll of teleportation for 48 gold pieces
 18647 | D:10     | Bought a scroll of enchant weapon for 120 gold pieces
 18647 | D:10     | Bought a scroll of fear for 64 gold pieces
 18647 | D:10     | Bought a scroll of teleportation for 48 gold pieces
 18653 | D:10     | Found Gootety's Armour Emporium.
 18708 | D:10     | XOM: summons 6 hostile demons
 18904 | D:10     | XOM: noise
 19171 | D:10     | XOM: chaos cloud
 19495 | D:10     | Found Puuryo Qeex's Book Emporium.
 19582 | D:10     | Reached skill level 8 in Dodging
 19914 | D:10     | Noticed a two-headed ogre
 19917 | D:10     | XOM: summons 2 hostile demons
 19922 | D:10     | Killed from afar by a smoke demon

Illustrated notes

Levels and vault maps discovered:
D:1:      dpeg_arrival_connections, layout_basic
D:2:      layout_loops_ring, serial_shops, nicolae_square_shop,
          nicolae_shop_advertising_works [nicolae_subvault_shop_adworks],
          dreamdust_ecumenical_altar_angels_and_demons, basic_altar
D:3:      wander_river, layout_basic, minmay_box_of_dots, uniq_natasha,
          uniq_jessica
D:4:      layout_loops_ring
D:5:      layout_gridville, nicolae_ossuary_entry_monument,
          chequers_decorated_corner, guppyfry_early_orc_mine
D:6:      layout_loops_corners, hangedman_abyss_or_decor_passed, uniq_menkaure
D:7:      dreamdust_elfheim, layout_layer_cave, minmay_temple_entry_tees
D:8:      layout_basic, enter_bailey_3, minmay_splitting_lines,
          serial_bayou_ford_a
D:9:      layout_loops_corners, worldfamousw_hep_ancestral_shrine, serial_shops,
          nicolae_shop_tiny_waterfront, gammafunk_ghost_abyssal_escape
D:10:     layout_grid_maze, serial_shops, shop, shop, shop

Skill      XL: |  1  2  3  4  5  6  7  8  9 10 11 |
---------------+----------------------------------+-----
Long Blades    | 3 4 5 6 7 |  7.0
Spellcasting   | 1 2 3 4 5 6 |  6.6
Conjurations   | 1 2 3 4 5 6 |  6.6
Hexes          | 1 2 3 4 5 6 |  6.6
Summonings     | 1 2 3 4 5 6 |  6.6
Necromancy     | 1 2 3 4 5 6 |  6.6
Translocations | 1 2 3 4 5 6 |  6.6
Transmutations | 1 2 3 4 5 6 |  6.6
Fire Magic     | 1 2 3 4 5 6 |  6.6
Ice Magic      | 1 2 3 4 5 6 |  6.6
Air Magic      | 1 2 3 4 5 6 |  6.6
Earth Magic    | 1 2 3 4 5 6 |  6.6
Poison Magic   | 1 2 3 4 5 6 |  6.6
Armour         | 2 3 4 5 6 7 |  7.1
Dodging        | 3 4 5 6 7 8 |  8.0
Fighting       | 4 5 6 7 |  7.7
Evocations     | 1 2 3 5 |  5.9

Action                     |  1- 3 |  4- 6 |  7- 9 | 10-12 || total
---------------------------+-------+-------+-------+-------++-------
  Melee: Falchion          |    85 |   154 |   405 |   389 ||  1033
         Punch             |       |     1 |     6 |     9 ||    16
         Scimitar          |       |       |       |   162 ||   162
   Cast: Stone Arrow       |       |       |       |     4 ||     4
         Freezing Cloud    |       |       |       |    19 ||    19
  Evoke: Wand              |       |       |     2 |     9 ||    11
    Use: Scroll            |       |     3 |    10 |     4 ||    17
         Potion            |       |       |     9 |     3 ||    12
   Stab: Sleeping          |       |     3 |       |       ||     3
         Paralysed         |       |       |     4 |    19 ||    23
         Confused          |       |       |     2 |       ||     2
         Petrifying        |       |       |       |     1 ||     1
 Armour: Leather armour    |    61 |     3 |       |   136 ||   200
         Scale mail        |       |   103 |   307 |   391 ||   801
         Skin              |       |       |    31 |       ||    31
  Dodge: Dodged            |    45 |    87 |   243 |   495 ||   870

Table legend: (Time is in decaauts)
 A = Elapsed time spent in this place.
 B = Non-inter-level travel time spent in this place.
 C = Inter-level travel time spent in this place.
 D = Time resting spent in this place.
 E = Time spent auto-exploring this place.
 F = Levels seen in this place.
 G = Mean time per level.
                   A        B        C        D        E       F      G
               +--------+--------+--------+--------+--------+-----+--------+
         Total |  20201 |  19834 |    367 |   9010 |   8113 |  12 | 1683.4 |
       Dungeon |  18087 |  17720 |    367 |   8000 |   7473 |  10 | 1808.7 |
       Ossuary |    856 |    856 |      0 |    330 |    282 |   1 |  856.0 |
        Bailey |   1257 |   1257 |      0 |    680 |    358 |   1 | 1257.0 |
               +--------+--------+--------+--------+--------+-----+--------+

Top non-repeatable levels by time:
     D:1: 6119 daAuts
     D:7: 2115 daAuts
     D:8: 1778 daAuts
     D:6: 1542 daAuts
     D:9: 1497 daAuts
     D:5: 1299 daAuts
    D:10: 1284 daAuts
  Bailey: 1257 daAuts
     D:3: 889 daAuts
 Ossuary: 856 daAuts
     D:2: 794 daAuts
     D:4: 765 daAuts
